 Dungeon Crawl Stone Soup version 0.31-a0-313-g785cd24033 (webtiles) character file.

Game seed: 7141963631815568558

102 Essalna the Changeling (level 4, -2/38 HPs)
             Began as a Draconian Shapeshifter on July 17, 2023.
             Slain by Grinder (6 damage)
             ... on level 3 of the Dungeon.
             The game lasted 00:02:39 (1874 turns).

Essalna the Changeling (Draconian Shapeshifter)     Turns: 1874, Time: 00:02:40

Health: -2/38      AC:  5    Str: 17    XL:     4   Next: 50%
Magic:  4/4        EV: 12    Int:  8    God:
Gold:   179        SH:  0    Dex: 14    Spells: 3/3 levels left

rFire   . .          .
                       - Unarmed
rCold   . . .        (no shield)
rNeg    . . .        (body armour unavailable)
rPois   +            (helmet currently unavailable)
rElec   .            (cloak currently unavailable)
rCorr   .            (gloves currently unavailable)
SInv    .            (boots currently unavailable)
Will    +....        (no amulet)
Stlth   +            c - ring of willpower
HPRegen 0.26/turn    f - ring of poison resistance
MPRegen 0.09/turn

%: no passive effects
@: beast-form
A: beast (slay +2), AC +5, unfitting armour, cold-blooded
a: Begin Untransformation


You were on level 3 of the Dungeon.
You were a hulking beast.
You visited 1 branch of the dungeon, and saw 3 of its levels.

You collected 179 gold pieces.

Inventory:

Jewellery
 c - a ring of willpower (left hand)
 f - a ring of poison resistance (right hand)
Talismans
 b - a beast talisman
Scrolls
 e - 2 scrolls of identify
 g - a scroll of blinking
 h - a scroll of revelation
 j - a scroll of teleportation {unknown}
Potions
 a - 2 potions of lignification
 d - a potion of heal wounds {unknown}
 i - a potion of enlightenment {unknown}
 k - a potion of curing {unknown}


   Skills:
 + Level 3.2 Fighting
 + Level 2.6 Dodging
 + Level 2.9 Unarmed Combat
 + Level 3.4 Shapeshifting


You had 3 spell levels left.
You didn't know any spells.
Your spell library contained the following spells:

 Spells                   Type           Power      Damage    Failure   Level
 Freeze                   Ice            0%         1d3       41%         1
 Frozen Ramparts          Ice            0%         1d1       78%         3
 Hailstorm                Conj/Ice       0%         3d3       78%         3


Dungeon Overview and Level Annotations

Branches:
Dungeon (3/15)

Altars:

Annotations:
D:3 Grinder


Innate Abilities, Weirdness & Mutations

You are a hulking beast.
Your limbs bulge with bestial killing power. (Slay +2)
Your plain brown scales are hard. (AC +5)
You cannot fit into any form of body armour.
You are cold-blooded and may be slowed by cold attacks.


Message History

Press: ? - help, Dir - move target, f - Grinder
Aim: Grinder (severely wounded, about 35% to evade your hands)
You hit Grinder.
Grinder is severely wounded.
Grinder gestures at you. Pain shoots through your body!
Attack: -) Nothing wielded
Press: ? - help, Dir - move target, f/p - Grinder
Aim: Grinder (severely wounded, about 35% to evade your hands)
You closely miss Grinder.
Grinder is severely wounded.
Grinder hits you!
You writhe in agony.
* * * LOW HITPOINT WARNING * * *
Attack: -) Nothing wielded
Press: ? - help, Dir - move target, f/p - Grinder
Aim: Grinder (severely wounded, about 36% to evade your hands)
You hit Grinder.
You tail-slap Grinder, but do no damage.
Grinder is severely wounded.
Grinder closely misses you.
Attack: -) Nothing wielded
Press: ? - help, Dir - move target, f/p - Grinder
Aim: Grinder (severely wounded, about 35% to evade your hands)
You closely miss Grinder.
Grinder is severely wounded.
Grinder barely misses you.
Attack: -) Nothing wielded
Press: ? - help, Dir - move target, f/p - Grinder
Aim: Grinder (severely wounded, about 36% to evade your hands)
You hit Grinder. Your punch misses Grinder.
Grinder is almost dead.
Attack: -) Nothing wielded
Press: ? - help, Dir - move target, f/p - Grinder
Aim: Grinder (almost dead, about 36% to evade your hands)
You hit Grinder.
Grinder is almost dead.
Grinder hits you.
* * * LOW HITPOINT WARNING * * *
You writhe in agony.
You die...

..####...## .
..........#....
#.###.##..... #
#.#...##... ..
###.#.#.##.### ..
#.....#......# #
#.#.#.###.##.######### #
#.......5.#..........#
## #.#.#.###h<....# #.#
##. #.....#.#.##.#
#.###.. ###.#.#.#.##.#
#.##...
#.#...#.##.#####.#....
###.###)#.##............
........#[##..####.#....
...#..##...#..# #.##...
.........)...# #.###..
#.######...#.## #.# ##.


You could see Grinder.

Vanquished Creatures
  Jessica (D:2)
  3 adders (D:2)
  3 orcs (D:3)
  3 endoplasms
  2 goblins (D:1)
  7 hobgoblins
  4 jackals (D:1)
  6 kobolds
  4 quokkas
  2 ball pythons (D:1)
  2 bats
  3 frilled lizards
  3 rats
43 creatures vanquished.

Notes
Turn   | Place    | Note
-------+----------+-------------------------------------------
     0 | D:1      | Essalna the Draconian Shapeshifter began the quest for the
                  | Orb.
     0 | D:1      | Reached XP level 1. HP: 17/17 MP: 1/1
   180 | D:1      | Reached XP level 2. HP: 25/25 MP: 2/2
   534 | D:1      | Found a faded altar of an unknown god.
   745 | D:2      | Noticed Jessica
   755 | D:2      | Killed Jessica
   756 | D:2      | Reached XP level 3. HP: 25/30 MP: 3/3
  1037 | D:2      | Reached XP level 4. HP: 37/38 MP: 4/4
  1233 | D:2      | Identified the +9 sling of Ehaeh {drain, rElec rC- rN+++
                  | Str-5}
  1726 | D:3      | Noticed Grinder
  1744 | D:3      | Paralysed by Grinder for 4 turns
  1865 | D:3      | Paralysed by Grinder for 2 turns
  1874 | D:3      | Slain by Grinder

Illustrated notes

Levels and vault maps discovered:
D:1:      wander_arrival_chamber, layout_basic,
          ebering_ecumenical_altar_abandoned
D:2:      layout_loops_corners, uniq_jessica
D:3:      layout_loops_ring, nicolae_elyvilon_temple_path,
          mainiacjoe_overflow_boulevard, minmay_misc_feat_roman, uniq_grinder,
          uniq_crazy_yiuf_cottage, uniq_sigmund

Skill      XL: |  1  2  3 |
---------------+----------+-----
Dodging        | 2 |  2.6
Fighting       | 3 |  3.2
Unarmed Combat | |  2.9
Shapeshifting  | |  3.4

Action                     |  1- 3 |  4- 6 || total
---------------------------+-------+-------++-------
  Melee: Unarmed           |    82 |    51 ||   133
         Tailslap          |    10 |    12 ||    22
         Punch             |     2 |     1 ||     3
    Use: Scroll            |     3 |       ||     3
   Stab: Sleeping          |     1 |     1 ||     2
 Armour: Skin              |    19 |    11 ||    30
  Dodge: Dodged            |    45 |    14 ||    59

Table legend: (Time is in decaauts)
 A = Elapsed time spent in this place.
 B = Non-inter-level travel time spent in this place.
 C = Inter-level travel time spent in this place.
 D = Time resting spent in this place.
 E = Time spent auto-exploring this place.
 F = Levels seen in this place.
 G = Mean time per level.
                   A        B        C        D        E       F      G
               +--------+--------+--------+--------+--------+-----+--------+
         Total |   1868 |   1809 |     59 |    102 |   1411 |   3 |  622.7 |
       Dungeon |   1868 |   1809 |     59 |    102 |   1411 |   3 |  622.7 |
               +--------+--------+--------+--------+--------+-----+--------+

Top non-repeatable levels by time:
     D:2: 1012 daAuts
     D:1: 667 daAuts
     D:3: 188 daAuts
